 Dungeon Crawl Stone Soup version 0.25.1-2-g60ff931df9 (webtiles) character file.

Game seed: 6480638243381404240

277 funkygono the Shield-Bearer (level 6, 0/38 HPs)
             Began as a Gargoyle Fighter on Dec 9, 2020.
             Slain by an ogre
             ... wielding a +0 giant spiked club
              (13 damage)
             ... on level 4 of the Dungeon.
             The game lasted 00:07:23 (3390 turns).

funkygono the Shield-Bearer (Gargoyle Fighter)      Turns: 3390, Time: 00:07:24

Health: 0/38       AC: 12    Str: 21    XL:     6   Next: 25%
Magic:  6/6        EV:  8    Int:  9    God:
Gold:   180        SH:  9    Dex:  9    Spells: 5/5 levels left

rFire    . . .     SeeInvis .   a - +0 flail
rCold    . . .     Gourm    .   c - +0 kite shield
rNeg     + . .     Faith    .   s - +0 scale mail
rPois    ∞         Spirit   .   m - +0 helmet
rElec    +         Reflect  .   (no cloak)
rCorr    .         Harm     .   (no gloves)
MR       .....                  (no boots)
Stlth    ..........             (no amulet)
HPRegen  0.12/turn              (no ring)
MPRegen  0.10/turn              (no ring)

@: no status effects
A: negative energy resistance 1, electricity resistance, unbreathing,
petrification resistance, rot immunity, AC +4
a: no special abilities


You were on level 4 of the Dungeon.
You were not hungry.

You visited 1 branch of the dungeon, and saw 4 of its levels.

You collected 180 gold pieces.

Inventory:

Hand Weapons
 a - a +0 flail (weapon)
 b - a +1 hunting sling
Missiles
 g - 9 sling bullets
 k - 128 stones (quivered)
 l - 48 arrows
Armour
 c - a +0 kite shield (worn)
 m - a +0 helmet (worn)
 s - a +0 scale mail (worn)
Jewellery
 o - an uncursed ring of flight {unknown}
Wands
 q - a wand of flame (20)
Scrolls
 e - 3 scrolls of magic mapping
 i - a scroll of teleportation {unknown}
 r - 3 scrolls of remove curse
 t - a scroll of fear
Potions
 d - a potion of might
 h - 2 potions of curing {unknown}
 n - 2 potions of heal wounds {unknown}
 p - a potion of mutation {unknown}
 u - a potion of flight {unknown}
Comestibles
 f - 5 rations
 j - 7 chunks of flesh


   Skills:
 + Level 4.0 Fighting
 + Level 3.8 Maces & Flails
 + Level 0.6 Slings
 + Level 4.1 Armour
 + Level 1.6 Dodging
 + Level 0.1 Stealth
 + Level 4.6 Shields


You had 5 spell levels left.
You didn't know any spells.
Your spell library was empty.

Dungeon Overview and Level Annotations

Branches:
Dungeon (4/15)
 Temple: D:4-7

Altars:
Makhleb
Qazlal
Trog


Innate Abilities, Weirdness & Mutations

You are resistant to torment.
Your stone body is resilient. (AC +4)
You are immune to poison.
You resist negative energy. (rN+)
You are resistant to electric shocks. (rElec)
You can survive without breathing.
You are immune to petrification.
You are immune to rotting.


Message History

You block the ogre's attack.
You barely miss the ogre.
The ogre is severely wounded.
The ogre completely misses you.
You barely miss the ogre.
The ogre is severely wounded.
You block the ogre's attack.
You hit the ogre.
The ogre is severely wounded.
You block the ogre's attack.
Your shield prevents you from hitting the ogre.
The ogre is severely wounded.
The ogre hits you but does no damage.
You hit the ogre.
The ogre is severely wounded.
The ogre barely misses you.
You hit the ogre but do no damage.
The ogre is severely wounded.
The ogre hits you with a +0 giant spiked club!
You die...

...........#
#######...##
##...##...##
...........#
...........#
...........# ##
#...###...####### ..#
#...###...##....##(..#
................@O...#
......................#
......................#
..........##....##....+
..........##....# ...##
...............<# ####
................#
############....+
..##....##....#


You could see an ogre.

Vanquished Creatures
  An orc wizard (D:4)
  2 worker ants
  7 adders
  3 gnolls (D:3)
  4 worms
  A dart slug (D:2)
  6 orcs
  2 ball pythons
  2 giant cockroaches
  12 goblins
  14 hobgoblins
  4 jackals (D:1)
  3 quokkas
  11 bats
  5 frilled lizards
  8 kobolds
  A leopard gecko skeleton (D:4)
  11 rats
97 creatures vanquished.

Notes
Turn   | Place    | Note
-------+----------+-------------------------------------------
     0 | D:1      | funkygono the Gargoyle Fighter began the quest for the Orb.
     0 | D:1      | Reached XP level 1. HP: 14/14 MP: 1/1
   157 | D:1      | Reached XP level 2. HP: 19/19 MP: 2/2
   682 | D:2      | Reached XP level 3. HP: 23/23 MP: 3/3
  1088 | D:2      | Found a burning altar of Makhleb.
  1245 | D:2      | Reached XP level 4. HP: 28/28 MP: 4/4
  1935 | D:3      | Reached XP level 5. HP: 9/32 MP: 5/5
  1943 | D:3      | Reached skill level 1 in Dodging
  2464 | D:3      | Found a bloodstained altar of Trog.
  3128 | D:4      | Reached XP level 6. HP: 38/38 MP: 6/6
  3311 | D:4      | Found a stormy altar of Qazlal.
  3390 | D:4      | Slain by an ogre

Illustrated notes

Levels and vault maps discovered:
D:1:      sevenhm_arrival_forest_fort_small_5, layout_basic
D:2:      minmay_recursive_quarters, layout_basic, bloody_makhleb, first_ration
D:3:      layout_rooms, lemuel_crystal_altar, serial_bayou_pond_b,
          kennysheep_flooded_box
D:4:      layout_gridville, nicolae_qazlal_general_emergency,
          minmay_temple_entry_fiery

Skill      XL: |  1  2  3  4  5  6 |
---------------+-------------------+-----
Shields        | 4 |  4.6
Maces & Flails | 3 |  3.8
Dodging        | 1 |  1.6
Armour         | 4 |  4.1
Fighting       | 4 |  4.0
Slings         | |  0.6
Stealth        | |  0.1

Action                   |  1- 3 |  4- 6 || total
-------------------------+-------+-------++-------
Melee: Flail             |   162 |   213 ||   375
 Fire: Hunting sling     |       |    28 ||    28
Throw: Stone             |     3 |     1 ||     4
  Use: Scroll            |     4 |     4 ||     8
       Potion            |       |     1 ||     1
  Eat: Chunk             |     1 |     8 ||     9
Armor: Scale mail        |   102 |    97 ||   199
Dodge: Dodged            |    60 |    61 ||   121
Block: Kite shield       |   112 |   136 ||   248
